 Dungeon Crawl Stone Soup version 0.29-a0-823-gc37b1572da (webtiles) character file.

Game seed: 2831337708774417203

3111 IdlyInterested the Basher (level 9, -1/65 HPs)
             Began as a Demonspawn Fighter on July 8, 2022.
             Slain by a yak (2 damage)
             ... on level 8 of the Dungeon.
             The game lasted 00:19:01 (9225 turns).

IdlyInterested the Basher (Demonspawn Fighter)      Turns: 9225, Time: 00:19:01

Health: -1/65      AC:  9    Str: 19 (20) XL:     9   Next: 60%
Magic:  10/10      EV: 11    Int: 14      God:
Gold:   479        SH:  9    Dex: 13      Spells: 10/10 levels left

rFire   + . .      SeeInvis .   a - +0 flail (elec)
rCold   + . .      Faith    .   i - +1 kite shield
rNeg    . . .      Spirit   .   v - +2 leather armour {rC+}
rPois   .          Reflect  .   m - +0 helmet
rElec   .          Harm     .   w - +0 cloak
rCorr   .          Rampage  .   (no gloves)
Will    .....                   h - +0 pair of boots
Stlth   +.........              l - amulet of magic regeneration
HPRegen 0.20/turn               n - ring of protection from fire
MPRegen 0.52/turn               (no ring)

@: mighty, mesmerised
A: claws 2, big brain 2
a: no special abilities


You were on level 8 of the Dungeon.
You visited 2 branches of the dungeon, and saw 9 of its levels.

You collected 479 gold pieces.

Inventory:

Hand Weapons
 a - a +0 flail of electrocution (weapon)
 A - a +0 morningstar
Missiles
 b - 5 atropa-tipped darts
 D - a throwing net (quivered)
Armour
 c - a +0 buckler
 g - a +0 chain mail
 h - a +0 pair of boots (worn)
 i - a +1 kite shield (worn)
 m - a +0 helmet (worn)
 v - a +2 leather armour of cold resistance (worn)
 w - a +0 cloak (worn)
Jewellery
 f - a ring of ice
 l - an amulet of magic regeneration (around neck)
 n - a ring of protection from fire (left claw)
 s - a ring of fire
Wands
 u - a wand of iceblast (4)
 C - a wand of acid (10)
Scrolls
 j - 3 scrolls of poison
 p - 2 scrolls of enchant armour
 t - a scroll of teleportation
Potions
 k - 2 potions of lignification
 o - a potion of brilliance
 q - 5 potions of curing
 r - a potion of berserk rage
 x - 3 potions of attraction
 z - a potion of mutation


   Skills:
 - Level 4.0 Fighting
 * Level 10.6 Maces & Flails
 - Level 4.0 Armour
 - Level 4.0 Dodging
 - Level 3.0 Shields
 - Level 1.0 Spellcasting
 - Level 3.0 Evocations


You had 10 spell levels left.
You didn't know any spells.
Your spell library contained the following spells:

 Spells                   Type           Power      Damage    Failure   Level
 Foxfire                  Conj/Fire      0%         2x1d4     67%         1
 Conjure Flame            Conj/Fire      0%         6-21      96%         3
 Inner Flame              Hex/Fire       0%         N/A       96%         3
 Flame Wave               Conj/Fire      0%         2d4       100%        4


Dungeon Overview and Level Annotations

Branches:
Dungeon (8/15)             Temple (1/1) D:6
   Lair: D:8-11

Altars:
Ashenzari
Dithmenos
Fedhas
Gozag
Hepliaklqana
Kikubaaqudgha
Makhleb
Nemelex Xobeh
Okawaru
Qazlal
Ru
Sif Muna
Trog
Uskayaw
Vehumet
Wu Jian
Xom
Yredelemnul

Annotations:
D:8 Maggie


Innate Abilities, Weirdness & Mutations

You have very sharp fingernails.
You have an extremely huge brain. (Int +4)


Message History

The yak snorts and paws the ground.
You sock the centaur!
You kill the centaur!
The yak barely misses you. The yak gores you.
Maggie casts a spell.
Maggie attempts to bespell you!
You easily resist.
The yak closely misses you. x2
The yak gores you.
You feel your strength returning.
Your life force feels restored.
You hit the yak. Lightning courses through the yak!
The yak is heavily wounded.
Maggie gestures wildly while chanting.
Maggie attempts to bespell you!
You are mesmerised by Maggie!
The yak gores you. You block the yak's attack.
The yak gores you but does no damage.
You feel very mighty all of a sudden. The yak gores you.
The yak closely misses you. You block the yak's attack.
You bludgeon the yak!!
You kill the yak!
You block the yak's attack. The yak gores you.
You sock the yak!
The yak is moderately wounded.
The yak gores you!
* * * LOW HITPOINT WARNING * * *
You block the yak's attack.
You closely miss the yak.
The yak is moderately wounded.
The yak gores you!
* * * LOW HITPOINT WARNING * * *
You block the yak's attack.
You thump the yak!
The yak is heavily wounded.
Maggie practices a pose.
The yak gores you.
* * * LOW HITPOINT WARNING * * *
You block the yak's attack.
You barely miss the yak.
The yak is heavily wounded.
You block Maggie's attack. The yak gores you.
You die...

.. ## #....
#.##.###... #
##.........#.#
##........รท.#.##
........##.##..##..
#.......#)#......#
##......@($.....#
#........Y[###..#
#........Y@....# .
#..............#
...##.................
........<.............
#..................##
#..........>.......##
....##..............#
... ................
.. ..............


You could see Maggie (mesmerising) and 2 yaks.

Vanquished Creatures
  Grinder (D:3)
  2 yaks (D:8)
  Eustachio (D:6)
  A steam dragon (D:6)
  An ice beast (D:7)
  A black bear (D:6)
  2 centaurs
  A phantom (D:5)
  2 scorpions
  3 bullfrogs (D:7)
  2 necrophages
  9 wights
  A howler monkey (D:8)
  3 hounds
  5 orc priests
  2 jellies
  2 gnoll boudas (D:5)
  Jessica (D:3)
  5 iguanas
  3 orc wizards
  A statue (D:3)
  7 gnolls (D:5)
  11 adders
  3 white imps
  2 ufetubi
  3 worms
  3 dart slugs
  22 orcs
  6 bats
  7 endoplasms
  13 giant cockroaches
  7 goblins
  4 hobgoblins
  7 jackals (D:2)
  6 kobolds
  4 quokkas
  5 ball pythons
  5 frilled lizards
  3 rats
167 creatures vanquished.

Vanquished Creatures (others)
  Psyche (D:8)
  An orc (D:8)
  A ball python (D:4)
  2 fungi (D:1)
  4 toadstools (D:1)
9 creatures vanquished.

Grand Total: 176 creatures vanquished

Notes
Turn   | Place    | Note
-------+----------+-------------------------------------------
     0 | D:1      | IdlyInterested the Demonspawn Fighter began the quest for
                  | the Orb.
     0 | D:1      | Reached XP level 1. HP: 18/18 MP: 1/1
    86 | D:1      | Reached skill level 2 in Maces & Flails
   326 | D:1      | Gained mutation: You have an unusually large brain. (Int
                  | +2) [demonic ancestry]
   326 | D:1      | Reached XP level 2. HP: 24/24 MP: 2/2
  1355 | D:2      | Reached XP level 3. HP: 27/29 MP: 3/3
  1369 | D:2      | Reached skill level 3 in Maces & Flails
  1515 | D:2      | Reached skill level 1 in Dodging
  1563 | D:2      | Gained mutation: You have an extremely huge brain. (Int +4)
                  | [demonic ancestry]
  1563 | D:2      | Reached XP level 4. HP: 25/35 MP: 4/4
  2572 | D:2      | Reached skill level 4 in Maces & Flails
  2858 | D:3      | Gained mutation: You have sharp fingernails. [demonic
                  | ancestry]
  2858 | D:3      | Reached XP level 5. HP: 41/41 MP: 5/5
  2961 | D:3      | Noticed Grinder
  2961 | D:3      | Noticed Jessica
  2986 | D:3      | Paralysed by Grinder for 2 turns
  2994 | D:3      | Killed Jessica
  3002 | D:3      | Paralysed by Grinder for 3 turns
  3006 | D:3      | Killed Grinder
  3007 | D:3      | Reached skill level 5 in Maces & Flails
  3007 | D:3      | Reached XP level 6. HP: 28/47 MP: 6/6
  3162 | D:3      | Found a radiant altar of Vehumet.
  3383 | D:3      | Found a shimmering altar of Xom.
  3758 | D:4      | Found a stormy altar of Qazlal.
  4548 | D:4      | Reached XP level 7. HP: 52/52 MP: 7/7
  4681 | D:5      | Entered Level 5 of the Dungeon
  4741 | D:5      | Reached skill level 6 in Maces & Flails
  4741 | D:5      | Reached skill level 1 in Spellcasting
  4884 | D:5      | Reached skill level 1 in Evocations
  5731 | D:5      | Reached skill level 7 in Maces & Flails
  6182 | D:6      | Found a staircase to the Ecumenical Temple.
  6189 | Temple   | Entered the Ecumenical Temple
  6444 | D:6      | Gained mutation: You have very sharp fingernails. [demonic
                  | ancestry]
  6444 | D:6      | Reached XP level 8. HP: 58/58 MP: 9/9
  6822 | D:6      | Noticed Eustachio
  6839 | D:6      | Killed Eustachio
  6840 | D:6      | Reached skill level 8 in Maces & Flails
  7731 | D:7      | Reached skill level 9 in Maces & Flails
  7731 | D:7      | Found an ancient bone altar of Kikubaaqudgha.
  7947 | D:7      | Reached XP level 9. HP: 65/65 MP: 10/10
  8829 | D:8      | Noticed Psyche
  8861 | D:8      | Killed Psyche
  8899 | D:8      | Noticed Maggie
  8913 | D:8      | Reached skill level 10 in Maces & Flails
  9223 | D:8      | HP: 2/65 [yak (12)]
  9225 | D:8      | Slain by a yak

Illustrated notes

Levels and vault maps discovered:
D:1:      wander_arrival_lonely_grave, layout_loops_corners,
          minmay_gold_behind_fungi
D:2:      minmay_roachtagon, layout_basic, minmay_hexomino_p4
D:3:      layout_loops_cross, vehumet_statue,
          mainiacjoe_overflow_six_doors_small, kennysheep_decorative_pillar,
          uniq_jessica, uniq_grinder
D:4:      layout_basic, overflow_temple_1_default, mainiacjoe_overflow_alcove_1,
          elyvilon_altar_4
D:5:      layout_basic
D:6:      layout_basic, minmay_temple_entry_grid, uniq_eustachio
D:7:      layout_loops_ring, lemuel_doored_altar, kennysheep_diamond
D:8:      layout_cave_pools, uniq_maggie, uniq_psyche
Temple:   bh_familiar_temple

Skill      XL: |  1  2  3  4  5  6  7  8  9 |
---------------+----------------------------+-----
Maces & Flails | 2 3 4 5 7 9 10 | 10.6
Armour         | 3 4 |  4.0
Dodging        | 1 2 3 4 |  4.0
Shields        | 3 |  3.0
Spellcasting   | 1 |  1.0
Evocations     | 2 3 |  3.0
Fighting       | 4 |  4.0

Action                   |  1- 3 |  4- 6 |  7- 9 || total
-------------------------+-------+-------+-------++-------
Melee: Flail             |   144 |   201 |   317 ||   662
       Unarmed           |       |       |    14 ||    14
Evoke: Wand              |       |       |     1 ||     1
  Use: Scroll            |     4 |     6 |     6 ||    16
       Potion            |       |     3 |     9 ||    12
 Stab: Sleeping          |       |       |     1 ||     1
Armor: Scale mail        |     2 |       |       ||     2
       Chain mail        |   103 |   105 |    51 ||   259
       Leather armour    |       |       |    49 ||    49
       Skin              |       |       |     7 ||     7
Dodge: Dodged            |    42 |    36 |   107 ||   185
Block: Buckler           |    17 |       |       ||    17
       Kite shield       |    33 |    85 |   164 ||   282

Table legend: (Time is in decaauts)
 A = Elapsed time spent in this place.
 B = Non-inter-level travel time spent in this place.
 C = Inter-level travel time spent in this place.
 D = Time resting spent in this place.
 E = Time spent auto-exploring this place.
 F = Levels seen in this place.
 G = Mean time per level.
                   A        B        C        D        E       F      G
               +--------+--------+--------+--------+--------+-----+--------+
         Total |   9415 |   9184 |    231 |   1147 |   6313 |   9 | 1046.1 |
       Dungeon |   9228 |   9016 |    212 |   1147 |   6153 |   8 | 1153.5 |
        Temple |    186 |    167 |     19 |      0 |    160 |   1 |  186.0 |
               +--------+--------+--------+--------+--------+-----+--------+

Top non-repeatable levels by time:
     D:7: 1613 daAuts
     D:2: 1531 daAuts
     D:5: 1522 daAuts
     D:1: 1365 daAuts
     D:6: 1149 daAuts
     D:4: 963 daAuts
     D:3: 957 daAuts
  Temple: 186 daAuts
     D:8: 125 daAuts
